 Dungeon Crawl Stone Soup version 0.15-a0-2265-gb33f7a6 (webtiles) character file.

177012 Charly the Black Belt (level 17, -4/122 (131) HPs)
             Began as a Merfolk Transmuter on July 26, 2014.
             Was the Champion of Makhleb.
             Slain by an acid blob (19 damage)
             ... on Level 6 of the Pits of Slime on July 27, 2014.
             The game lasted 05:18:14 (19147 turns).

Charly the Black Belt (Merfolk Transmuter)         Turns: 19147, Time: 05:18:15

HP  -4/122 (131) AC 11     Str 10      XL: 17   Next: 50%
MP  21/33        EV 36     Int 14      God: Makhleb [******]
Gold 69          SH  0     Dex 25      Spells: 10 memorised,  1 level left

rFire  . . .     SeeInvis .     N - melded +8 hand crossbow of Focus {speed, SInv}
rCold  + . .     Clarity  .     D - +3 leather armour
rNeg   . . .     rCorr    +     (shield currently unavailable)
rPois  .         rRot     .     H - +1 hat
rElec  .         Spirit   .     j - +1 cloak
SustAb .         Warding  .     (gloves currently unavailable)
rMut   .         Stasis   .     X - +1 pair of boots {Fly}
Gourm  .                        E - amulet of resist corrosion
MR     +....                    c - ring of protection from cold
                                u - +4 ring of evasion

@: confused, agile, blade hands, flying, very slightly contaminated, somewhat
resistant to hostile enchantments, unstealthy
A: change form in water, swift swim, horns 1, mutation resistance 1
a: End Transformation, Minor Destruction, Lesser Servant of Makhleb, Major
Destruction, Greater Servant of Makhleb, Renounce Religion, Stop Flying
}: 2/15 runes: decaying, gossamer


You were on level 6 of the Pits of Slime.
You worshipped Makhleb.
Makhleb was exalted by your worship.
You were near starving.
Your hands were blades.
You visited 7 branches of the dungeon, and saw 40 of its levels.
You also visited: Labyrinth.

You collected 2076 gold pieces.
You spent 2007 gold pieces at shops.

Inventory:

Hand weapons
 b - a +3 blowgun
 N - the +8 hand crossbow of Focus (melded) {speed, SInv}
   (You found it on level 2 of the Swamp)

   Attacks with this weapon are significantly faster.
   It enhances your eyesight.
Missiles
 A - 4 curare-tipped needles
Armour
 j - a +1 cloak (worn)
 D - a +3 leather armour (worn)
 H - a +1 hat (worn)
 X - a +1 pair of boots of flying (worn)
Magical devices
 l - a wand of digging (8)
 F - a wand of hasting (2)
 L - a wand of digging (11)
 T - a wand of teleportation (2)
 Z - a wand of paralysis (13)
Comestibles
 a - 13 bread rations
 f - 3 fruits
 m - 5 meat rations
 s - a royal jelly
Scrolls
 h - 3 scrolls of teleportation
 o - 7 scrolls of remove curse
 y - a scroll of immolation
 I - 3 scrolls of fear
 V - a scroll of enchant armour
Jewellery
 c - a ring of protection from cold (right scythe-like blade)
 i - an uncursed ring of poison resistance
 q - an uncursed ring of stealth
 u - a +4 ring of evasion (left scythe-like blade)
 B - an uncursed ring of positive energy
 E - an amulet of resist corrosion (around neck)
 G - an uncursed amulet of warding
 J - an uncursed amulet of guardian spirit
 K - an uncursed amulet of stasis
Potions
 e - a potion of brilliance
 p - 2 potions of resistance
 v - a potion of cure mutation
 z - a potion of restore abilities
Books
 M - a Grand Grimoire {highlevel, unknown}

   This book is beyond your current level of understanding.

   Spells                             Type                      Level
   Aura of Abjuration                 Summoning                    6
   Forceful Dismissal                 Summoning                    6
   Summon Greater Demon               Summoning                    7
   Malign Gateway                     Summoning/Translocation      7
   Summon Horrible Things             Summoning                    8
 R - a book of Enchantments

   Spells                             Type                      Level
   Tukima's Dance                     Hexes                        3
   Cause Fear                         Hexes                        4
   Silence                            Hexes/Air                    5
   Deflect Missiles                   Charms/Air                   6
   Haste                              Charms                       6
   Discord                            Hexes                        8
 W - a book of Party Tricks

   Spells                             Type                      Level
   *Summon Butterflies                Summoning                    1
   *Apportation                       Translocation                1
   *Blink                             Translocation                2
   Tukima's Dance                     Hexes                        3
   Alistair's Intoxication            Transmutation/Poison         4
Magical staves
 C - an uncursed staff of wizardry
Rods
 U - a +2 rod of striking (13/13)
   (You found it in a labyrinth)


   Skills:
 + Level 11.5 Fighting
 - Level 15.0 Dodging
 + Level 20.3 Unarmed Combat
 - Level 5.0 Spellcasting
 - Level 5.0 Translocations
 - Level 10.5 Transmutations
 - Level 1.3 Ice Magic
 - Level 2.0 Poison Magic
 + Level 15.2 Invocations


You had one spell level left.
You knew the following spells:

 Your Spells              Type           Power        Failure   Level  Hunger
a - Apportation           Tloc           ###.......   24%         1    None
b - Blink                 Tloc           N/A          28%         2    ##.....
c - Control Teleport      Chrm/Tloc      ##........   96%         4    ####...
d - Beastly Appendage     Trmt           ####..       10%         1    None
h - Blade Hands           Trmt           ####......   45%         5    #####..
r - Repel Missiles        Chrm/Air       #.....       73%         2    ##.....
s - Sticks to Snakes      Trmt           ####......   12%         2    ##.....
B - Summon Butterflies    Summ           #.......     63%         1    None
I - Ice Form              Ice/Trmt       ###.....     58%         4    ####...
S - Spider Form           Trmt/Pois      ###.......   32%         3    ###....


Dungeon Overview and Level Annotations

Branches:
Dungeon (11/15)            Temple (1/1) D:4             Orc (4/4) D:11
   Lair (8/8) D:9           Swamp (5/5) Lair:6       Spider (5/5) Lair:3
  Slime (6/6) Lair:8
    Elf: Orc:3-4

Altars:
Ashenzari
Cheibriados
Dithmenos
Gozag
Makhleb
Nemelex Xobeh
Qazlal
Vehumet
Xom
Yredelemnul
Zin
The Shining One
Beogh

Shops:
Orc:4 [=!!

Annotations:
Swamp:4 Wiglaf
Spider:2 Louise


Innate Abilities, Weirdness & Mutations

You revert to your normal form in water.
You are very nimble and swift while swimming.
You have a pair of small horns on your head.
You are somewhat resistant to further mutation.


Message History

The golden eye blinks at you.
You are confused.
The acid blob spits acid at you. The splash of acid hits you! You resist.
The acid burns!
You resist.
* * * LOW HITPOINT WARNING * * *
x2 The golden eye blinks at you.
You are more confused.
The acid blob spits acid at you. The splash of acid hits you! You resist.
The acid burns!
You resist.
* * * LOW HITPOINT WARNING * * *
x2 The golden eye blinks at you.
You are more confused.
The acid blob spits acid at you. The splash of acid hits you! You resist.
The acid burns!
You resist.
* * * LOW HITPOINT WARNING * * *
x2 The golden eye blinks at you.
You are more confused.
The acid blob jiggles.
The acid blob hits you!!
You die...

.............#
..............##.
................J.#
................#
................#
.......J........#
.................#
..........G........
........J@.........
..................
..................
#..................
.........b.........
...................
....###...........
.# ###.........
###.......


You could see 2 acid blobs and a golden eye.

Vanquished Creatures
  the Lernaean hydra (Swamp:5)
  4 acid blobs
  Agnes (Swamp:2)
  3 azure jellies
  4 ghost moths (Spider:5)
  A balrug (Slime:6)
  6 emperor scorpions
  A death ooze (Slime:5)
  A minotaur (Lab)
  21 hydras
  2 shambling mangroves (Swamp:5)
  The ghost of BluebellGnoll the Nimble, a powerful SpAK of Lugonu (Orc:4)
  3 death yaks (Lair:7)
  5 alligators
  4 orc high priests (Orc:4)
  An unseen horror (D:10)
  12 orb spiders
  11 swamp dragons
  An orc sorcerer (Orc:4)
  14 wolf spiders
  5 black mambas
  5 red wasps
  A moth of wrath (Spider:5)
  A feature mimic (Swamp:2)
  13 elephants
  2 orange demons (Orc:4)
  6 komodo dragons
  9 demonic crawlers
  2 fire drakes
  14 spiny frogs
  2 spriggan druids
  9 polar bears
  6 wandering mushrooms
  3 baby alligators (Swamp:1)
  13 jumping spiders
  A troll (Orc:2)
  53 slime creatures
  4 giant leeches
  4 bog bodies
  A boulder beetle (Lair:8)
  5 ravens (Swamp:5)
  A shadow (Swamp:5)
  14 tarantellas
  41 yaks
  15 redbacks
  7 trapdoor spiders (Spider:5)
  12 spriggans
  A basilisk (Lair:6)
  A deep elf mage (D:10)
  9 ugly things (D:11)
  A steam dragon (D:10)
  2 golden eyes (Slime:6)
  A chaos spawn (Orc:4)
  30 vampire mosquitoes
  25 wolves
  A hippogriff (Lair:4)
  26 swamp worms
  Edmund (D:6)
  3 wargs
  2 soldier ants (D:11)
  5 ice beasts
  4 hungry ghosts (Lab)
  17 water moccasins
  4 porcupines
  12 orc warriors
  10 black bears
  3 sky beasts (D:10)
  17 swamp drakes
  4 spiders
  A necrophage (D:10)
  7 yellow wasps
  3 ogres
  A phantom (D:9)
  A centaur (D:9)
  Duvessa (D:8)
  12 crocodiles
  4 big kobolds
  Blork the orc (D:8)
  A komodo dragon skeleton (D:11)
  8 giant frogs
  6 insubstantial wisps
  2 scorpions
  An eye of draining (Slime:3)
  4 wights (D:8)
  A yak zombie (D:8)
  A troll skeleton (D:11)
  A quasit (D:8)
  2 electric eels (Lair:8)
  Dowan (D:8)
  2 goliath beetles (Lair:3)
  A centaur skeleton (D:9)
  A giant frog zombie (D:8)
  12 jellies
  5 iguanas
  23 orc priests
  9 hounds
  A giant frog skeleton (D:9)
  19 orc wizards
  5 worker ants
  9 sheep
  A killer bee zombie (D:9)
  A crocodile zombie (D:10)
  A hound zombie (D:9)
  A hound skeleton (D:7)
  53 green rats
  14 adders
  A shadow imp (D:9)
  17 worms
  2 giant mites
  An iguana skeleton (D:9)
  5 oozes
  74 orcs
  13 bats
  8 giant cockroaches
  13 hobgoblins
  9 quokkas
  A ball python (D:2)
  4 giant geckos
  3 giant newts
  A giant spore (D:9)
  15 goblins
  24 kobolds
  2 orc skeletons
  10 rats
  A ballistomycete (D:9)
  A fungus (Lair:8)
  A plant (Lair:3)
948 creatures vanquished.

Vanquished Creatures (collateral kills)
  A swamp dragon (Swamp:3)
  An eye of devastation (Slime:6)
  A trapdoor spider (Spider:5)
  2 vampire mosquitoes (Swamp:4)
  2 insubstantial wisps (Swamp:3)
  An iguana (D:4)
  A giant gecko (D:2)
  An orc (D:8)
  A bat (D:8)
  A goblin (D:3)
  A hobgoblin (D:2)
  A giant newt (D:2)
  A kobold (D:2)
  A rat (D:2)
16 creatures vanquished.

Vanquished Creatures (others)
  An Executioner (Slime:5)
  A blizzard demon (Slime:6)
  A green death (Spider:5)
  17 butterflies (Slime:6)
  3 fungi
  4 plants
27 creatures vanquished.

Grand Total: 991 creatures vanquished

Notes
Turn   | Place    | Note
--------------------------------------------------------------
     0 | D:1      | Charly, the Merfolk Transmuter, began the quest for the Orb.
     0 | D:1      | Reached XP level 1. HP: 15/15 MP: 3/3
   102 | D:1      | Reached XP level 2. HP: 11/21 MP: 2/4
   117 | D:1      | Learned a level 2 spell: Sticks to Snakes
   254 | D:2      | Reached skill level 4 in Unarmed Combat
   274 | D:2      | HP: 1/21 [giant newt (3)]
   536 | D:3      | Reached XP level 3. HP: 11/26 MP: 1/6
   541 | D:3      | Learned a level 3 spell: Spider Form
   780 | D:4      | Found a staircase to the Ecumenical Temple.
   786 | Temple   | Entered the Ecumenical Temple
   804 | Temple   | Became a worshipper of Makhleb the Destroyer
   869 | D:4      | Reached skill level 1 in Poison Magic
   869 | D:4      | Reached XP level 4. HP: 18/32 MP: 2/7
  1377 | D:4      | Reached XP level 5. HP: 28/37 MP: 5/9
  1383 | D:4      | Acquired Makhleb's first power
  1416 | D:5      | Entered Level 5 of the Dungeon
  1440 | D:4      | Noticed a hippogriff
  1531 | D:4      | Reached skill level 5 in Transmutations
  1714 | D:6      | Reached skill level 5 in Unarmed Combat
  1745 | D:6      | Reached XP level 6. HP: 43/43 MP: 10/10
  1757 | D:6      | Noticed Edmund
  1759 | D:6      | Reached skill level 6 in Transmutations
  1855 | D:6      | Killed Edmund
  1901 | D:7      | Acquired Makhleb's second power
  1938 | D:7      | Noticed a water moccasin
  1952 | D:7      | Killed a water moccasin
  1952 | D:7      | Reached skill level 7 in Transmutations
  1952 | D:7      | Reached XP level 7. HP: 48/48 MP: 12/12
  2064 | D:7      | Reached skill level 8 in Transmutations
  2160 | D:8      | Found a sparkling altar of Nemelex Xobeh.
  2319 | D:8      | Reached XP level 8. HP: 54/54 MP: 13/13
  2467 | D:8      | Noticed Blork the orc
  2497 | D:8      | Killed Blork the orc
  2575 | D:8      | Noticed Duvessa
  2588 | D:8      | Noticed Dowan
  2598 | D:8      | Killed Duvessa
  2803 | D:8      | Killed Dowan
  2869 | D:8      | Acquired Makhleb's third power
  2880 | D:8      | Reached skill level 9 in Unarmed Combat
  2945 | D:8      | Learned a level 5 spell: Blade Hands
  3190 | D:8      | Found a radiant altar of Vehumet.
  3235 | D:8      | Reached XP level 9. HP: 53/59 MP: 8/14
  3245 | D:8      | Reached skill level 10 in Unarmed Combat
  3500 | D:9      | Reached skill level 11 in Unarmed Combat
  3500 | D:9      | Reached skill level 10 in Transmutations
  3511 | D:9      | Acquired Makhleb's fourth power
  3546 | D:9      | Found an opulent altar of Gozag.
  3546 | D:9      | Found a snail-covered altar of Cheibriados.
  3723 | D:9      | Found a staircase to the Lair.
  3724 | D:9      | Noticed a komodo dragon
  4015 | D:9      | Killed a komodo dragon
  4015 | D:9      | Reached skill level 12 in Unarmed Combat
  4015 | D:9      | Reached XP level 10. HP: 36/65 MP: 10/16
  4236 | Lair:1   | Entered Level 1 of the Lair of Beasts
  4236 | Lair:1   | Noticed a black mamba
  4244 | Lair:1   | Killed a black mamba
  4250 | Lair:1   | Learned a level 4 spell: Ice Form
  4269 | Lair:1   | Reached skill level 1 in Ice Magic
  4313 | Lair:2   | Noticed a six-headed hydra
  4717 | Lair:3   | Reached skill level 13 in Unarmed Combat
  4786 | Lair:3   | Noticed a black mamba
  4804 | Lair:3   | Killed a black mamba
  4804 | Lair:3   | Reached skill level 5 in Fighting
  4878 | Lair:3   | Acquired Makhleb's fifth power
  4903 | Lair:3   | Reached XP level 11. HP: 58/80 MP: 9/20
  5098 | Lair:3   | Reached skill level 14 in Unarmed Combat
  5393 | Lair:3   | Found a hole to the Spider Nest.
  6323 | Lair:5   | Reached skill level 15 in Unarmed Combat
  6842 | Lair:6   | Found a labyrinth entrance.
  6849 | Lab      | Entered a labyrinth
  6983 | Lab      | Reached XP level 12. HP: 77/95 MP: 9/21
  7092 | Lab      | Noticed a minotaur
  7131 | Lab      | Killed a minotaur
  7131 | Lab      | Reached skill level 5 in Dodging
  7170 | Lair:6   | Learned a level 2 spell: Blink
  7172 | Lair:6   | Learned a level 1 spell: Summon Butterflies
  7208 | Lair:6   | Found a staircase to the Swamp.
  7221 | Lair:6   | Reached skill level 10 in Fighting
  7269 | Lair:7   | Noticed a death yak
  7269 | Lair:7   | Noticed a death yak
  7269 | Lair:7   | Noticed a death yak
  7286 | Lair:6   | Reached skill level 1 in Invocations
  7387 | Lair:8   | Entered Level 8 of the Lair of Beasts
  7977 | Lair:8   | Reached skill level 10 in Dodging
  8038 | Lair:8   | Noticed a four-headed hydra
  8045 | Lair:8   | Killed a four-headed hydra
  8065 | Lair:8   | Found a staircase to the Slime Pits.
  8122 | Lair:8   | Reached skill level 5 in Invocations
  8146 | Lair:8   | Reached XP level 13. HP: 103/103 MP: 10/22
  8583 | Lair:8   | Reached skill level 16 in Unarmed Combat
  8762 | Lair:8   | Learned a level 1 spell: Apportation
  8859 | Lair:7   | Killed a death yak
  8878 | Lair:7   | Killed a death yak
  8885 | Lair:7   | Killed a death yak
  9057 | Lair:2   | Killed a six-headed hydra
  9147 | D:9      | Upgraded the game from 0.15-a0-2246-gfd41422 to 0.15-a0-2265-gb33f7a6
  9147 | D:9      | Identified a +2 rod of striking (13/13) (You found it in a labyrinth)
  9164 | D:10     | Entered Level 10 of the Dungeon
 10194 | D:11     | Reached XP level 14. HP: 104/110 MP: 19/27
 10208 | D:11     | Reached skill level 10 in Invocations
 10211 | D:11     | Reached skill level 1 in Translocations
 10350 | D:11     | Found a staircase to the Orcish Mines.
 10374 | Orc:1    | Entered Level 1 of the Orcish Mines
 10468 | Orc:1    | Reached skill level 17 in Unarmed Combat
 10666 | Orc:4    | Entered Level 4 of the Orcish Mines
 11028 | Orc:4    | Paralysed by an orc sorcerer for 3 turns
 11152 | Orc:4    | Found a roughly hewn altar of Beogh.
 11242 | Orc:4    | Noticed BluebellGnoll's ghost (powerful SpAK)
 11320 | Orc:4    | Found Khufid's Distillery.
 11320 | Orc:4    | Found Cudd's Antique Armour Shoppe.
 11320 | Orc:4    | Found Smevaa's Distillery.
 11378 | Orc:4    | Killed BluebellGnoll's ghost
 11401 | Orc:4    | Found Muxkomabb's Jewellery Shoppe.
 11411 | Orc:4    | Bought a +4 ring of evasion for 540 gold pieces
 11411 | Orc:4    | Bought an uncursed amulet of resist corrosion for 300 gold pieces
 11413 | Orc:4    | Bought an embroidered hat for 88 gold pieces
 11413 | Orc:4    | Bought a pair of embroidered boots for 99 gold pieces
 11416 | Orc:4    | Bought a potion of heal wounds for 39 gold pieces
 11416 | Orc:4    | Bought a potion of heal wounds for 39 gold pieces
 11416 | Orc:4    | Bought a potion of beneficial mutation for 455 gold pieces
 11418 | Orc:4    | Bought a potion of might for 40 gold pieces
 11418 | Orc:4    | Bought a potion of curing for 32 gold pieces
 11744 | Lair:3   | Gained mutation: You have a pair of small horns on your head. [potion of beneficial mutation]
 11748 | Lair:3   | Learned a level 2 spell: Repel Missiles
 11756 | Spider:1 | Entered Level 1 of the Spider Nest
 11773 | Spider:2 | Noticed Louise
 11933 | Spider:5 | Entered Level 5 of the Spider Nest
 12030 | Spider:5 | Noticed an emperor scorpion
 12047 | Spider:4 | Killed an emperor scorpion
 12098 | Spider:5 | Reached skill level 5 in Spellcasting
 12355 | Spider:5 | Reached skill level 18 in Unarmed Combat
 12899 | Spider:5 | Reached XP level 15. HP: 97/115 MP: 9/28
 12940 | Spider:5 | Reached skill level 5 in Translocations
 12963 | Spider:5 | Noticed an emperor scorpion
 12977 | Spider:4 | Killed an emperor scorpion
 13038 | Spider:5 | Killed a ghost moth
 13093 | Spider:5 | Reached skill level 19 in Unarmed Combat
 13308 | Spider:5 | Killed a ghost moth
 13432 | Spider:5 | Noticed an emperor scorpion
 13460 | Spider:5 | Killed an emperor scorpion
 13461 | Spider:5 | Noticed an emperor scorpion
 13492 | Spider:5 | Killed an emperor scorpion
 13505 | Spider:5 | Killed a ghost moth
 13506 | Spider:5 | Noticed an emperor scorpion
 13515 | Spider:5 | Killed an emperor scorpion
 13622 | Spider:5 | Killed a ghost moth
 13622 | Spider:5 | Reached skill level 20 in Unarmed Combat
 13693 | Spider:5 | Noticed an emperor scorpion
 13709 | Spider:5 | Killed an emperor scorpion
 13737 | Spider:5 | Got a gossamer rune of Zot
 14029 | Swamp:1  | Entered Level 1 of the Swamp
 14288 | Swamp:2  | Noticed Agnes
 14302 | Swamp:2  | Killed Agnes
 14311 | Swamp:2  | Got a faintly glowing hand crossbow
 14313 | Swamp:2  | Identified the cursed +8 hand crossbow of Focus {speed, SInv} (You found it on level 2 of the Swamp)
 14516 | Swamp:2  | Gained mutation: You are somewhat resistant to further mutation. [potion of beneficial mutation]
 14829 | Swamp:3  | Reached XP level 16. HP: 122/122 MP: 27/30
 15224 | Swamp:4  | Noticed Wiglaf
 15329 | Swamp:5  | Entered Level 5 of the Swamp
 15635 | Swamp:5  | Learned a level 4 spell: Control Teleport
 16431 | Swamp:5  | Reached skill level 15 in Dodging
 16583 | Swamp:5  | Noticed the 27-headed Lernaean hydra
 16663 | Swamp:5  | Killed the 27-headed Lernaean hydra
 16752 | Swamp:5  | Reached XP level 17. HP: 99/124 MP: 24/32
 16778 | Swamp:5  | Got a decaying rune of Zot
 17120 | Slime:1  | Entered Level 1 of the Pits of Slime
 17766 | Orc:4    | Bought an uncursed ring of protection from cold for 375 gold pieces
 18358 | Slime:3  | Reached skill level 15 in Invocations
 18795 | Slime:6  | Entered Level 6 of the Pits of Slime
 19147 | Slime:6  | Slain by an acid blob

Action                   |  1- 3 |  4- 6 |  7- 9 | 10-12 | 13-15 | 16-18 || total
-------------------------+-------+-------+-------+-------+-------+-------++-------
Melee: Unarmed           |    89 |   121 |   282 |   617 |  1076 |   698 ||  2883
       Staff             |       |       |       |       |     1 |       ||     1
 Fire: Blowgun           |       |       |    36 |    81 |   158 |     2 ||   277
Throw: Stone             |    22 |     6 |       |       |       |       ||    28
       Tomahawk          |       |     5 |       |       |       |       ||     5
 Cast: Beastly Appendage |    16 |     1 |     7 |     2 |       |       ||    26
       Sticks to Snakes  |     6 |     2 |     5 |     5 |       |       ||    18
       Spider Form       |     1 |     8 |    19 |    18 |     2 |       ||    48
       Blade Hands       |       |       |     5 |    25 |    59 |    27 ||   116
       Ice Form          |       |       |       |    17 |     6 |     6 ||    29
       Blink             |       |       |       |       |    17 |     6 ||    23
       Apportation       |       |       |       |       |     3 |     3 ||     6
       Repel Missiles    |       |       |       |       |     1 |     2 ||     3
       Summon Butterflie |       |       |       |       |       |     6 ||     6
Invok: Minor Destruction |       |       |     2 |    30 |   229 |   142 ||   403
       Greater Servant o |       |       |       |       |     2 |     3 ||     5
       Major Destruction |       |       |       |       |     8 |    11 ||    19
       Lesser Servant of |       |       |       |       |       |     1 ||     1
 Abil: End Transformatio |       |     5 |    10 |    30 |    35 |    14 ||    94
       Stop Flying       |       |       |       |       |    12 |    12 ||    24
Evoke: Wand              |       |    10 |     9 |    14 |     3 |    17 ||    53
  Use: Scroll            |     5 |     3 |     7 |     8 |    17 |     5 ||    45
       Potion            |       |       |     3 |     5 |    13 |     9 ||    30
 Stab: Paralysed         |       |    13 |     9 |     7 |       |       ||    29
       Confused          |       |       |     3 |       |       |       ||     3
       Sleeping          |       |       |       |     8 |     6 |     2 ||    16
       Distracted        |       |       |       |     1 |     4 |     3 ||     8
       Fleeing           |       |       |       |       |     1 |       ||     1
       Invisible         |       |       |       |       |     2 |       ||     2
  Eat: Chunk             |     2 |     5 |    12 |    27 |    44 |    19 ||   109
       Fruit             |       |       |       |     1 |       |       ||     1
       Pizza             |       |       |       |       |     2 |       ||     2
       Royal jelly       |       |       |       |       |     1 |     6 ||     7
       Beef jerky        |       |       |       |       |     4 |     1 ||     5
